 Dungeon Crawl Stone Soup version 0.20.1-1-g8b1a95d (webtiles) character file.

9633 Sayu92 the Basher (level 11, -3/72 HPs)
             Began as a Gargoyle Fighter on Dec 14, 2017.
             Was a High Priest of Okawaru.
             Killed by the air
             ... invoked by Gastronok
              (34 damage)
             ... on level 2 of the Lair of Beasts.
             The game lasted 01:10:13 (9528 turns).

Sayu92 the Basher (Gargoyle Fighter)                Turns: 9528, Time: 01:10:13

Health: -3/72      AC: 28    Str: 23    XL:     11   Next: 49%
Magic:  0/9        EV:  5    Int:  9    God:    Okawaru [*****.]
Gold:   506        SH:  9    Dex:  9    Spells: 10/10 levels left

rFire    + + .     SeeInvis .   H - +1 flail (crush)
rCold    + . .     Gourm    .   c - +0 shield
rNeg     + . .     Faith    .   J - +0 plate armour
rPois    ∞         Spirit   +   w - +0 helmet
rElec    +         Reflect  .   S - +0 cloak
rCorr    .         Harm     .   k - +2 pair of gloves
MR       .....                  (no boots)
Stlth    ..........             G - amulet of guardian spirit
Regen    0.3/turn               A - ring of protection from cold
MPRegen  0.2/turn               (no ring)

@: slowed, very slow
A: fire resistance 2, low mp 1, negative energy resistance 1, electricity
resistance, unbreathing, petrification resistance, rot immunity, MP-powered
wands, AC +7
a: Heroism, Finesse, Renounce Religion


You were on level 2 of the Lair of Beasts.
You worshipped Okawaru.
Okawaru was extremely pleased with you.
You were hungry.

You visited 2 branches of the dungeon, and saw 12 of its levels.

You collected 653 gold pieces.
You spent 147 gold pieces at shops.

Inventory:

Hand Weapons
 a - a +0 flail
 H - a +1 flail of crushing (weapon)
 P - a +4 battleaxe of draining
 T - the +5 battleaxe of World's End {freeze, rC+ Str-5 Dex+7 Stlth+}
   (You found it on level 1 of the Lair of Beasts)

   It has been specially enchanted to freeze those struck by it, causing extra
   injury to most foes and up to half again as much damage against particularly
   susceptible opponents.
   It can also slow down cold-blooded creatures.
   It affects your strength (-5).
   It affects your dexterity (+7).
   It protects you from cold.
   It makes you more stealthy.
Missiles
 v - 8 tomahawks (quivered)
Armour
 c - a +0 shield (worn)
 k - a +2 pair of gloves (worn)
 w - a +0 helmet (worn)
 y - a +3 scale mail of cold resistance
 J - a +0 plate armour (worn)
 S - a +0 cloak (worn)
Jewellery
 u - an uncursed amulet of rage
 A - a ring of protection from cold (left hand)
 G - an amulet of guardian spirit (around neck)
Wands
 D - a wand of clouds (6/9)
 L - a wand of random effects (21/48)
 Q - a wand of random effects (33/48)
 R - a wand of confusion (17/48)
 U - a wand of flame (25/48)
 W - a wand of polymorph (3/24)
Scrolls
 g - 4 scrolls of teleportation
 i - a scroll of random uselessness
 j - a scroll of fear
 m - a scroll of enchant armour
 o - 2 scrolls of magic mapping
 p - 3 scrolls of recharging
 q - 2 scrolls of immolation
 s - 2 scrolls of enchant weapon
 t - 8 scrolls of remove curse
 F - 2 scrolls of fog
 I - 2 scrolls of amnesia {unknown}
 N - a scroll of vulnerability {unknown}
 O - a scroll of noise {unknown}
Potions
 d - a potion of might
 e - 4 potions of lignification
 h - 3 potions of agility
 n - 4 potions of curing
 r - 3 potions of heal wounds
 z - a potion of brilliance {unknown}
 B - 2 potions of ambrosia
 C - 2 potions of flight
 E - 2 potions of invisibility
Books
 K - a book of Summonings

   Spells                             Type                      Level
   a - Recall                         Summoning/Translocation      3
   b - Aura of Abjuration             Summoning                    5
   c - Summon Demon                   Summoning                    5
   d - Summon Forest                  Summoning/Translocation      5
   e - Summon Mana Viper              Hexes/Summoning              5
   f - Shadow Creatures               Summoning                    6
 M - a book of Necromancy

   Spells                             Type                      Level
   a - Pain                           Necromancy                   1
   b - Animate Skeleton               Necromancy                   1
   c - Vampiric Draining              Necromancy                   3
   d - Regeneration                   Charms/Necromancy            3
   e - Animate Dead                   Necromancy                   4
   f - Control Undead                 Necromancy                   4
 V - a book of Party Tricks

   Spells                             Type                      Level
   a - Summon Butterflies             Summoning                    1
   b - Apportation                    Translocation                1
   c - Lesser Beckoning               Translocation                3
   d - Tukima's Dance                 Hexes                        3
   e - Alistair's Intoxication        Transmutation/Poison         5
   f - Invisibility                   Hexes                        6
Comestibles
 b - 5 royal jellies
 f - 9 bread rations
 l - 7 fruits
 x - 5 meat rations


   Skills:
 + Level 10.1 Fighting
 * Level 12.4 Maces & Flails
 + Level 10.3 Armour
 - Level 3.2 Shields


You had 10 spell levels left.
You didn't know any spells.

Dungeon Overview and Level Annotations

Branches:
Dungeon (10/15)            Temple (0/1) D:4            Lair (2/6) D:10
    Orc (0/2) D:9
  Swamp: Lair:2-4    Shoals: Lair:2-4     Snake: Lair:2-4    Spider: Lair:2-4

Altars:
Ashenzari
Cheibriados
Dithmenos
Hepliaklqana
Kikubaaqudgha
Makhleb
Okawaru
Ru
Sif Muna
Xom
Yredelemnul

Shops:
D:4 *   D:9 [

Annotations:
Lair:2 Gastronok


Innate Abilities, Weirdness & Mutations

You are resistant to torment.
Your stone body is resilient. (AC +7)
You are immune to poison.
You resist negative energy. (rN+)
You are resistant to electric shocks. (rElec)
You can survive without breathing.
You are immune to petrification.
You are immune to rotting.
Your flesh is very heat resistant. (rF++)
Your magical capacity is low. (-10% MP)
You expend magic power (3 MP) to strengthen your wands.


Message History

The five-headed hydra bites you but does no damage.
The five-headed hydra bites you!
The five-headed hydra bites you but does no damage.
You are too injured to fight recklessly!
You are too injured to fight recklessly!
You are too injured to fight recklessly!
You are too injured to fight recklessly!
You are too injured to fight recklessly!
You are too injured to fight recklessly!
You barely miss the five-headed hydra.
The five-headed hydra is almost dead.
The five-headed hydra bites you but does no damage.
The five-headed hydra bites you.
The five-headed hydra bites you but does no damage. x5
You block the five-headed hydra's attack.
The five-headed hydra bites you but does no damage.
The five-headed hydra bites you.
Gastronok waves his eye-stalks in wide circles.
The air twists around and strikes you!
You die...

. ### #................
##...............
##......####.#...
#......## ##.... ##......#
##... #......# #....
##.....### ##..#
##........# #....
##@#......## ##...
P..#####D#%.....P# #...
........w........# #...
#................# ##...
...(............## .#....
..........................
###.##.#P.##..#.########P#
## ###### ##### ##


You could see Gastronok and a five-headed hydra.

Vanquished Creatures
  2 hydras
  A two-headed ogre (D:9)
  4 spiny frogs (Lair:1)
  An elephant (Lair:1)
  A rime drake (Lair:1)
  A troll (D:10)
  4 hippogriffs
  A steam dragon (D:7)
  A soldier ant (D:8)
  A water moccasin (Lair:1)
  An orc warrior (D:7)
  3 ice beasts
  A phantom (D:10)
  4 ogres
  A black bear (Lair:1)
  5 centaurs
  3 wolves (Lair:1)
  4 crocodiles
  8 bullfrogs
  4 scorpions
  10 killer bees (D:9)
  A vampire bat (D:9)
  6 howler monkeys
  5 crimson imps
  A quasit (D:8)
  4 hounds
  5 jellies
  2 orc priests
  A bullfrog skeleton (D:8)
  3 orc wizards
  2 centaur skeletons (D:4)
  Jessica (D:1)
  4 iguanas
  7 worker ants
  A worker ant zombie (D:9)
  7 gnolls
  12 adders
  8 oozes (D:4)
  An adder zombie (D:5)
  An adder skeleton (D:8)
  4 worms
  3 dart slugs
  3 leopard geckos
  35 orcs
  13 bats
  8 giant cockroaches
  9 goblins
  10 hobgoblins
  16 jackals
  22 kobolds
  5 quokkas
  2 ball pythons
  6 frilled lizards
  3 rats
272 creatures vanquished.

Vanquished Creatures (others)
  2 fungi
  7 toadstools (D:4)
9 creatures vanquished.

Grand Total: 281 creatures vanquished

Notes
Turn   | Place    | Note
-------+----------+-------------------------------------------
     0 | D:1      | Sayu92 the Gargoyle Fighter began the quest for the Orb.
     0 | D:1      | Reached XP level 1. HP: 14/14 MP: 1/1
    77 | D:1      | Reached XP level 2. HP: 13/19 MP: 2/2
   316 | D:1      | Reached XP level 3. HP: 23/24 MP: 3/3
   664 | D:2      | Noticed Jessica
   667 | D:2      | Reached skill level 3 in Maces & Flails
   778 | D:1      | Killed Jessica
   778 | D:1      | Reached XP level 4. HP: 29/29 MP: 4/4
  1416 | D:2      | Gained mutation: You expend magic power (3 MP) to strengthen your wands. [potion of mutation]
  1416 | D:2      | Gained mutation: You tend to lose your temper in combat. [potion of mutation]
  1416 | D:2      | Gained mutation: Armour fits poorly on your strangely shaped body. [potion of mutation]
  1416 | D:2      | Gained mutation: Your flesh is heat resistant. (rF+) [potion of mutation]
  1417 | D:2      | Lost mutation: You expend magic power (3 MP) to strengthen your wands. [potion of mutation]
  1417 | D:2      | Lost mutation: You tend to lose your temper in combat. [potion of mutation]
  1417 | D:2      | Lost mutation: Armour fits poorly on your strangely shaped body. [potion of mutation]
  1417 | D:2      | Gained mutation: Your magical capacity is low. (-10% MP) [potion of mutation]
  1417 | D:2      | Gained mutation: You expend magic power (3 MP) to strengthen your wands. [potion of mutation]
  1417 | D:2      | Gained mutation: Your flesh is very heat resistant. (rF++) [potion of mutation]
  1541 | D:3      | Reached XP level 5. HP: 32/34 MP: 4/4
  1835 | D:3      | Found an iron altar of Okawaru.
  1843 | D:3      | Became a worshipper of Warmaster Okawaru
  1907 | D:3      | Reached skill level 4 in Maces & Flails
  2567 | D:4      | Reached XP level 6. HP: 39/39 MP: 5/5
  2598 | D:4      | Found Lohof's Assorted Antiques.
  2603 | D:4      | Found a staircase to the Ecumenical Temple.
  2606 | D:4      | Bought a shiny scale mail for 147 gold pieces
  2672 | D:4      | Reached skill level 5 in Maces & Flails
  2694 | D:4      | Reached skill level 5 in Fighting
  2700 | D:4      | Reached * piety under Okawaru
  2740 | D:4      | Reached skill level 5 in Armour
  2740 | D:4      | Reached XP level 7. HP: 23/44 MP: 6/6
  3446 | D:3      | Found a sacrificial altar of Ru.
  3514 | D:4      | Reached skill level 6 in Maces & Flails
  3762 | D:4      | Reached XP level 8. HP: 50/51 MP: 7/7
  3866 | D:5      | Entered Level 5 of the Dungeon
  3934 | D:5      | Found a hazy altar of Hepliaklqana.
  3940 | D:5      | Reached ** piety under Okawaru
  4298 | D:5      | Reached skill level 7 in Maces & Flails
  4462 | D:5      | Found a shimmering altar of Xom.
  4686 | D:6      | Found a shadowy altar of Dithmenos.
  4793 | D:6      | Found a deep blue altar of Sif Muna.
  4992 | D:6      | Found a burning altar of Makhleb.
  5335 | D:7      | Reached skill level 8 in Maces & Flails
  5335 | D:7      | Reached XP level 9. HP: 45/57 MP: 8/8
  5406 | D:7      | Reached *** piety under Okawaru
  5863 | D:7      | Reached skill level 9 in Maces & Flails
  5899 | D:7      | Found a runed door.
  5908 | D:7      | Found a basalt altar of Yredelemnul.
  6223 | D:8      | Found an ancient bone altar of Kikubaaqudgha.
  6233 | D:8      | Reached **** piety under Okawaru
  6374 | D:8      | Found a shattered altar of Ashenzari.
  6489 | D:8      | Reached XP level 10. HP: 60/64 MP: 9/9
  6493 | D:8      | Reached skill level 10 in Maces & Flails
  6503 | D:8      | Found a snail-covered altar of Cheibriados.
  6636 | D:8      | Noticed a two-headed ogre
  6803 | D:9      | Reached ***** piety under Okawaru
  6931 | D:9      | Found Enuenewu's Armour Shop.
  6985 | D:9      | Found a staircase to the Orcish Mines.
  7093 | D:9      | Noticed a two-headed ogre
  7106 | D:9      | Killed a two-headed ogre
  7555 | D:9      | Received a gift from Okawaru
  7709 | D:10     | Entered Level 10 of the Dungeon
  7779 | D:10     | Reached skill level 11 in Maces & Flails
  8022 | D:10     | Found a staircase to the Lair.
  8022 | D:10     | Noticed a gargoyle
  8043 | D:10     | Noticed an elephant
  8053 | Lair:1   | Entered Level 1 of the Lair of Beasts
  8064 | Lair:1   | Killed an elephant
  8253 | Lair:1   | Got a smoking battleaxe
  8259 | Lair:1   | Identified the +5 battleaxe of World's End {freeze, rC+ Str-5 Dex+7 Stlth+} (You found it on level 1 of the Lair of Beasts)
  8269 | Lair:1   | Noticed a spiny frog
  8276 | Lair:1   | Killed a spiny frog
  8276 | Lair:1   | Reached XP level 11. HP: 69/71 MP: 9/9
  8405 | Lair:1   | Noticed a seven-headed hydra
  8424 | Lair:1   | Killed a seven-headed hydra
  8424 | Lair:1   | Received a gift from Okawaru
  8498 | Lair:1   | Reached skill level 12 in Maces & Flails
  8498 | Lair:1   | Reached skill level 10 in Armour
  9175 | Lair:1   | Reached skill level 10 in Fighting
  9186 | Lair:2   | Noticed an eight-headed hydra
  9262 | Lair:2   | Killed an eight-headed hydra
  9508 | Lair:2   | Noticed Gastronok
  9510 | Lair:2   | Noticed a five-headed hydra
  9528 | Lair:2   | Killed from afar by Gastronok

Skill      XL: |  1  2  3  4  5  6  7  8  9 10 11 |
---------------+----------------------------------+-----
Maces & Flails | 3 4 5 6 8 9 11 12 | 12.4
Fighting       | 4 5 7 8 9 10 | 10.1
Armour         | 4 5 7 8 9 10 | 10.3
Shields        | |  3.2

Action                   |  1- 3 |  4- 6 |  7- 9 | 10-12 || total
-------------------------+-------+-------+-------+-------++-------
Melee: Flail             |   134 |   292 |   565 |   403 ||  1394
       Unarmed           |       |       |     7 |       ||     7
Throw: Tomahawk          |       |       |     2 |     9 ||    11
       Throwing net      |       |       |       |     2 ||     2
Invok: Heroism           |       |       |     2 |     4 ||     6
  Use: Scroll            |     1 |     9 |     2 |     4 ||    16
       Potion            |     1 |     3 |     4 |     1 ||     9
 Stab: Confused          |       |       |     1 |       ||     1
       Invisible         |       |       |     1 |       ||     1
  Eat: Chunk             |       |     7 |    12 |    10 ||    29
       Fruit             |       |       |     1 |       ||     1
Armor: Scale mail        |   123 |   193 |   235 |       ||   551
       Skin              |       |       |     1 |       ||     1
       Plate armour      |       |       |    92 |   405 ||   497
Dodge: Dodged            |    73 |    95 |   142 |    95 ||   405
Block: Shield            |    99 |   149 |   247 |   211 ||   706
